 Dungeon Crawl Stone Soup version 0.31-a0-876-gfe8ebadbca (webtiles) character file.

Game seed: 4499615944377178875

32558 Nuuskmuik the Spear-Bearer (level 13, -5/100 (103) HPs)
             Began as a Demonspawn Ice Elementalist on Oct 14, 2023.
             Was a High Priest of Uskayaw.
             Killed by divine providence
             ... invoked by a smoke demon
              (13 damage)
             ... in a volcano.
             The game lasted 00:53:03 (13915 turns).

Nuuskmuik the Spear-Bearer (DsIE)                  Turns: 13915, Time: 00:53:09

HP:   -5/100 (103)  AC: 23    Str: 14    XL:     13   Next: 32%
MP:   16/21         EV:  9    Int: 17    God:    Uskayaw [*****.]
Gold: 1515          SH:  9    Dex: 13    Spells: 15/22 levels left

rFire   . . .        n - +2 trident (drain)
rCold   + . .        S - +0 kite shield
rNeg    . . .        g - +4 ring mail of the Northern Lights {*Corrode Will+ Regen+}
rPois   .            (helmet restricted)
rElec   .            y - +1 cloak {Stlth+}
rCorr   .            r - +0 pair of gloves
SInv    .            t - +1 pair of boots {Fly}
Will    +....        u - amulet of faith
Stlth   ++           M - +4 ring of protection
HPRegen 1.16/turn    x - ring of protection from cold
MPRegen 0.17/turn

%: corrode self (3%), faith
@: spiked, flying, lightly drained
A: horns 1, spiny 1, sharp scales 2, demonic magic 2
a: Renounce Religion, Stomp, Line Pass, Grand Finale


You were in a volcano.
You worshipped Uskayaw.
Uskayaw was aware of your devotion.
You visited 2 branches of the dungeon, and saw 15 of its levels.
You also visited: Bailey and Volcano.

You collected 1515 gold pieces.

Inventory:

Hand Weapons
 n - a +2 trident of draining (weapon)
Missiles
 j - 7 curare-tipped darts
 l - 27 poisoned darts (quivered)
Armour
 g - the +4 ring mail of the Northern Lights (worn) {*Corrode Will+ Regen+}
   (You found it on level 5 of the Dungeon)

   Will+:     It increases your willpower.
   Regen+:    It increases your rate of health regeneration.
   *Corrode:  It may corrode you when you take damage.
 r - a +0 pair of gloves (worn)
 t - a +1 pair of boots of flying (worn)
 y - a +1 cloak of stealth (worn)
 S - a +0 kite shield (worn)
Jewellery
 i - a ring of willpower
 k - the ring "Soghall" {Fly rElec Will- Dex+3}
   (You took it off a goblin in a bailey)

   [ring of flight]

   Dex+3:     It affects your dexterity (+3).
   rElec:     It insulates you from electricity.
   Will-:     It decreases your willpower.
   Fly:       It grants you flight.
 o - a ring of flight
 u - an amulet of faith (around neck)
 x - a ring of protection from cold (right hand)
 L - a ring of protection from cold
 M - a +4 ring of protection (left hand)
Talismans
 G - a maw talisman
Wands
 h - a wand of flame (44)
 q - a wand of polymorph (9)
 D - a wand of quicksilver (4)
 P - a wand of digging (4)
 R - a wand of roots (11)
Scrolls
 b - 2 scrolls of amnesia {unknown}
 c - 3 scrolls of vulnerability
 d - 5 scrolls of teleportation
 p - 3 scrolls of immolation
 B - a scroll of blinking
 F - a scroll of fear
 H - 2 scrolls of enchant armour {unknown}
 I - 4 scrolls of fog
 K - 3 scrolls of revelation {unknown}
Potions
 a - a potion of lignification {unknown}
 e - a potion of berserk rage {unknown}
 f - a potion of ambrosia {unknown}
 m - a potion of invisibility {unknown}
 s - 2 potions of brilliance
 v - 3 potions of might
 w - 5 potions of attraction
 z - 4 potions of heal wounds
 A - 7 potions of curing
 E - 7 potions of enlightenment
 J - 2 potions of cancellation {unknown}
 N - 2 potions of mutation {unknown}
 O - a potion of experience {unknown}
 Q - a potion of magic
Miscellaneous
 C - a phial of floods


   Skills:
 - Level 10.0 Fighting
 * Level 11.5 Polearms
 - Level 9.0 Armour
 - Level 1.7 Dodging
 - Level 1.7 Stealth
 * Level 5.3 Shields
 - Level 5.0 Spellcasting
 - Level 8.0 Ice Magic
 - Level 11.0 Invocations


You had 15 spell levels left.
You knew the following spells:

 Your Spells              Type           Power      Damage    Failure   Level
a - Freeze                Ice            100%       1d10      2%          1
b - Frozen Ramparts       Ice            62%        1d10      9%          3
c - Ozocubu's Armour      Ice            31%        N/A       9%          3

Your spell library contained the following spells:

 Spells                   Type           Power      Damage    Failure   Level
 Ensorcelled Hibernation  Hex/Ice        34%        N/A       22%         2
 Hailstorm                Conj/Ice       17%        3d6       41%         3
 Apportation              Tloc           8%         N/A       58%         1
 Kiss of Death            Conj/Necr      16%        2d6       58%         1
 Necrotise                Necr           16%        1d4       58%         1
 Jinxbite                 Hex            8%         N/A       75%         2
 Lesser Beckoning         Tloc           8%         N/A       75%         2
 Summon Ice Beast         Ice/Summ       17%        N/A       82%         4
 Confusing Touch          Hex            4%         N/A       92%         3
 Gell's Gravitas          Tloc           4%         N/A       92%         3
 Teleport Other           Tloc           4%         N/A       92%         3
 Vampiric Draining        Necr           4%         2d6       92%         3
 Anguish                  Hex/Necr       2%         N/A       100%        4
 Dispel Undead            Necr           4%         3d7       100%        4
 Vhi's Electric Charge    Tloc/Air       8%         N/A       100%        4
 Agony                    Necr           4%         N/A       100%        5
 Alistair's Intoxication  Tmut/Pois      2%         N/A       100%        5
 Arcjolt                  Conj/Air       2%         1d12      100%        5
 Plasma Beam              Fire/Air       2%         2x1d12    100%        6
 Simulacrum               Ice/Necr       8%         N/A       100%        6


Dungeon Overview and Level Annotations

Branches:
Dungeon (10/15)            Temple (0/1) D:5            Lair (5/5) D:10
 Shoals (0/4) Lair:2       Spider (0/4) Lair:2          Orc (0/2) D:9
 Bailey (visited)         Volcano (1/1)
  Slime: Lair:4-5

Altars:
Ashenzari
Fedhas
Kikubaaqudgha
Makhleb
Nemelex Xobeh
Okawaru
Trog
Uskayaw
Wu Jian
Xom
Lugonu

Shops:
D:8 (

Portals:
Abyss: Lair:5

Annotations:
D:10 exclusion: orange crystal statue


Innate Abilities, Weirdness & Mutations

You have a pair of small horns on your head.
You are partially covered in sharp spines.
You are mostly covered in razor-sharp scales. (AC +2, Slay +2)
Spells you cast may paralyse nearby enemies.


Message History

The red devil is frozen!
The wall freezes the red devil!
You kill the red devil!
The wall freezes the red ugly thing.
You can now merge with and destroy a victim.
Unknown command.
Unknown command.
Reach: n) +2 trident (drain)
Press: ? - help, Dir - move target, f - red ugly thing
Aim: a red ugly thing (severely wounded, sharing its pain, about 29% to evade your +2 trident of draining)
You reach to attack!
You barely miss the red ugly thing.
The red ugly thing is severely wounded.
The smoke demon is no longer paralysed.
The lava snake is no longer paralysed.
The orc sorcerer is no longer paralysed.
Unknown command.
Unknown command.
Reach: n) +2 trident (drain)
Press: ? - help, Dir - move target, f/p - red ugly thing
Aim: a red ugly thing (severely wounded, sharing its pain, about 29% to evade your +2 trident of draining)
You reach to attack!
You puncture the red ugly thing!
You feel a bit more experienced.
You kill the red ugly thing!
The smoke demon gestures at you. Something smites you!
The wall freezes the smoke demon but does no damage.
The smoke demon gestures at you. You block the sticky flame.
The orc sorcerer points at you and mumbles some strange words.
The bolt of negative energy hits the smoke demon.
The smoke demon completely resists.
The bolt of negative energy hits you!!
You feel drained.
* * * LOW HITPOINT WARNING * * *
Unknown command.
Your icy armour cracks and falls away as you move.
The frozen ramparts melt away as you move.
The barbed spikes dig painfully into your body as you move.
* * * LOW HITPOINT WARNING * * *
The orc sorcerer is no longer sharing its pain.
The smoke demon gestures at you. Something smites you!
You die...

##.## #.# ####
#.# ##..####.#
##.##..#.##
#.#####.##
#.#88#####8#3≈.
##.###.†∩3.oS.≈
#.##@####8#.≈§
##.###.#
#.##..##
##..##88# ####
###


You could see 2 smoke demons, an orc sorcerer and a lava snake (pain bonded).

Vanquished Creatures
  Erolcha (D:9)
  Erica (D:10)
  6 death yaks
  A two-headed ogre (D:10)
  A deep troll (Lair:3)
  An orc knight (Bailey)
  2 ugly things (Volcano)
  3 black mambas
  3 elephants (Lair:3)
  Joseph (D:9)
  2 merfolk sirens (Lair:2)
  6 cane toads
  Jeremiah (D:7)
  3 rime drakes
  5 komodo dragons
  A red devil (Volcano)
  A troll (D:10)
  A polar bear (Lair:2)
  2 merfolk (Lair:2)
  A hornet (D:7)
  25 blink frogs
  21 yaks
  Eustachio (D:5)
  5 fire bats (Volcano)
  A wyvern (Lair:3)
  4 steam dragons
  4 vampire mosquitoes (D:10)
  Menkaure (D:5)
  11 water moccasins
  10 orc warriors
  A sky beast (D:7)
  A black bear (D:7)
  An ice beast (D:5)
  9 wolves
  3 centaurs
  5 kobold brigands
  8 bullfrogs
  2 gnoll sergeants (D:6)
  A scorpion (D:6)
  12 killer bees
  8 howler monkeys
  2 electric eels (D:10)
  6 jellies
  A crimson imp (D:6)
  7 lava snakes (Volcano)
  16 hounds
  3 gnoll boudas (D:6)
  Crazy Yiuf (D:3)
  9 orc priests
  A sleepcap (D:6)
  Jessica (D:2)
  15 orc wizards
  Robin (D:2)
  6 adders
  9 gnolls
  2 white imps
  An ufetubus (D:4)
  3 worms (D:4)
  2 dart slugs (D:1)
  48 orcs
  A ball python (D:2)
  4 endoplasms
  4 giant cockroaches
  19 goblins
  16 hobgoblins
  2 jackals (D:4)
  2 quokkas
  5 bats
  A frilled lizard (D:1)
  35 kobolds
  5 rats
405 creatures vanquished.

Vanquished Creatures (others)
  A deep elf pyromancer (D:8)
1 creature vanquished.

Grand Total: 406 creatures vanquished

Notes
Turn   | Place    | Note
-------+----------+-------------------------------------------
     0 | D:1      | Nuuskmuik the Demonspawn Ice Elementalist began the quest
                  | for the Orb.
     0 | D:1      | Reached XP level 1. HP: 13/13 MP: 3/3
   293 | D:1      | Gained mutation: You are partially covered in razor-sharp
                  | scales. (AC +1, Slay +1) [demonic ancestry]
   293 | D:1      | Reached XP level 2. HP: 19/19 MP: 3/5
   848 | D:2      | Noticed Jessica
   854 | D:2      | Killed Jessica
   855 | D:2      | Gained mutation: You are mostly covered in razor-sharp
                  | scales. (AC +2, Slay +2) [demonic ancestry]
   855 | D:2      | Reached XP level 3. HP: 6/24 MP: 0/6
   982 | D:2      | Learned a level 3 spell: Frozen Ramparts
   986 | D:2      | Learned a level 3 spell: Ozocubu's Armour
  1284 | D:2      | Noticed Robin
  1292 | D:2      | Killed Robin
  1293 | D:2      | Reached XP level 4. HP: 24/30 MP: 2/8
  1513 | D:3      | Found a hide-covered altar of Uskayaw.
  1522 | D:3      | Became a worshipper of Uskayaw the Reveller
  1767 | D:3      | Reached * piety under Uskayaw
  1931 | D:3      | Found a runed translucent door.
  1932 | D:3      | Noticed Crazy Yiuf
  2193 | D:3      | Reached ** piety under Uskayaw
  2369 | D:3      | Reached *** piety under Uskayaw
  2370 | D:3      | Killed Crazy Yiuf
  2371 | D:3      | Reached skill level 5 in Ice Magic
  2509 | D:4      | Gained mutation: You have a pair of small horns on your
                  | head. [demonic ancestry]
  2509 | D:4      | Reached XP level 5. HP: 30/35 MP: 5/9
  2846 | D:4      | Found an ornate altar of the Wu Jian Council.
  3111 | D:4      | Found an ancient bone altar of Kikubaaqudgha.
  3157 | D:4      | Noticed a moth of wrath
  3160 | D:4      | Found a bloodstained altar of Trog.
  3494 | D:5      | Entered Level 5 of the Dungeon
  3494 | D:5      | Noticed Menkaure
  3497 | D:5      | HP: 1/35 [Menkaure (13)]
  3502 | D:5      | Killed Menkaure
  3503 | D:5      | Reached XP level 6. HP: 3/41 MP: 7/11
  3698 | D:5      | Found a broken altar of Ashenzari.
  3732 | D:5      | Found a staircase to the Ecumenical Temple.
  3845 | D:5      | Found a sparkling altar of Nemelex Xobeh.
  3872 | D:5      | Reached **** piety under Uskayaw
  3888 | D:5      | Noticed an ice beast
  3897 | D:5      | Reached ***** piety under Uskayaw
  3913 | D:5      | Killed an ice beast
  3914 | D:5      | Reached XP level 7. HP: 11/46 MP: 1/13
  4070 | D:5      | Identified the +4 ring mail of the Northern Lights
                  | {*Corrode Will+ Regen+}
  4085 | D:5      | Noticed Eustachio
  4103 | D:5      | Killed Eustachio
  4104 | D:5      | Reached skill level 1 in Invocations
  4235 | D:5      | Reached skill level 1 in Fighting
  4235 | D:5      | Reached skill level 1 in Armour
  4634 | D:6      | Reached skill level 5 in Spellcasting
  4634 | D:6      | Reached XP level 8. HP: 49/56 MP: 12/15
  5134 | D:6      | Reached ****** piety under Uskayaw
  5209 | D:6      | Reached skill level 5 in Invocations
  5246 | D:6      | Gained mutation: You are partially covered in sharp spines.
                  | [demonic ancestry]
  5246 | D:6      | Reached XP level 9. HP: 62/65 MP: 16/16
  5484 | D:6      | Found a shimmering altar of Xom.
  6146 | D:7      | Noticed Jeremiah
  6346 | D:7      | Killed Jeremiah
  6347 | D:7      | Reached skill level 5 in Fighting
  6647 | D:7      | Reached skill level 5 in Armour
  6967 | D:7      | Found an iron altar of Okawaru.
  7138 | D:8      | Reached skill level 1 in Polearms
  7312 | D:8      | Reached XP level 10. HP: 64/76 MP: 12/17
  7365 | D:8      | Noticed a death yak
  7417 | D:8      | Noticed a deep elf pyromancer
  7687 | D:8      | Killed a death yak
  7693 | D:8      | Reached skill level 5 in Polearms
  7773 | D:8      | Killed a deep elf pyromancer
  7817 | D:8      | Found Diot Tat's Weapon Shoppe.
  8273 | D:9      | Noticed Joseph
  8288 | D:9      | Killed Joseph
  8392 | D:9      | Found a staircase to the Orcish Mines.
  8403 | D:9      | Found a flagged portal.
  8422 | Bailey   | Entered a bailey
  8436 | Bailey   | Noticed an orc knight
  8469 | Bailey   | Killed an orc knight
  8581 | Bailey   | Identified the ring "Soghall" {Fly rElec Will- Dex+3}
  8583 | Bailey   | Reached XP level 11. HP: 84/84 MP: 14/18
  8772 | D:9      | Noticed Erolcha
  8796 | D:9      | Killed Erolcha
  9278 | D:10     | Entered Level 10 of the Dungeon
  9285 | D:10     | Noticed a two-headed ogre
  9296 | D:10     | Killed a two-headed ogre
  9448 | D:10     | Found a staircase to the Lair.
  9520 | D:10     | Found a blossoming altar of Fedhas.
 10098 | D:10     | Found a burning altar of Makhleb.
 10098 | D:10     | Noticed an Executioner
 10162 | D:10     | Noticed an orange crystal statue
 10263 | D:10     | Noticed Erica
 10271 | D:10     | Killed Erica
 10342 | Lair:1   | Entered Level 1 of the Lair of Beasts
 10891 | Lair:1   | Gained mutation: Spells you cast may paralyse adjacent
                  | enemies. [demonic ancestry]
 10891 | Lair:1   | Reached XP level 12. HP: 95/95 MP: 19/19
 11286 | Lair:1   | Reached skill level 10 in Invocations
 11651 | Lair:2   | Found a hole to the Spider Nest.
 12032 | Lair:2   | Identified the +2 robe "Pusem" {Int+6}
 12045 | Lair:2   | Found a staircase to the Shoals.
 12569 | Lair:3   | Reached skill level 10 in Polearms
 12928 | Lair:3   | Reached skill level 1 in Shields
 13161 | Lair:3   | Reached skill level 10 in Fighting
 13564 | Lair:4   | You are sucked into a shaft and drop 1 floor!
 13564 | Lair:5   | Entered Level 5 of the Lair of Beasts
 13570 | Lair:5   | Found a corrupted altar of Lugonu.
 13570 | Lair:5   | Found a one-way gate to the infinite horrors of the Abyss.
 13599 | Lair:5   | Noticed a death yak
 13600 | Lair:5   | Noticed a death yak
 13600 | Lair:5   | Noticed a death yak
 13600 | Lair:5   | Noticed a death yak
 13609 | Lair:5   | Noticed a death yak
 13620 | Lair:5   | Killed a death yak
 13621 | Lair:5   | Gained mutation: Spells you cast may paralyse nearby
                  | enemies. [demonic ancestry]
 13621 | Lair:5   | Reached XP level 13. HP: 88/103 MP: 15/21
 13772 | Lair:4   | Found a dark tunnel.
 13779 | Volcano  | Entered a volcano
 13868 | Volcano  | Reached skill level 5 in Shields
 13915 | Volcano  | Killed from afar by a smoke demon

Illustrated notes

Levels and vault maps discovered:
D:1:      shiori_shiawase, layout_loops_ring, st_stairs_3
D:2:      layout_rooms, bh_walls_and_bars, uniq_robin, uniq_jessica
D:3:      layout_loops_corners, nicolae_uskayaw_suspiria,
          minmay_misc_feat_tower, uniq_crazy_yiuf_cottage
D:4:      layout_cave_pools, kiku_gazebo_garden_becter, lemuel_doored_altar,
          tgw_trog
D:5:      layout_gridville, marbit_many_paths, mainiacjoe_overflow_tiny_flanked,
          minmay_temple_entry_gardened_gates, uniq_menkaure, uniq_eustachio
D:6:      kennysheep_housing_project, layout_loops_cross,
          mainiacjoe_overflow_concentric_impassable, minivault_14, hex_medium,
          minmay_fire_ice_demons
D:7:      layout_loops_ring, gammafunk_temple_overflow_statue,
          hangedman_decor_lopped, uniq_jeremiah
D:8:      argonaut_augean_stables, layout_basic, serial_shops, shop,
          kennysheep_just_a_vault
D:9:      layout_long_grid, orc_0_dummy, enter_bailey_4, uniq_erolcha,
          uniq_joseph
D:10:     layout_basic, fedhas_altar_fruit_tree, makhleb_altar_promises_db,
          elyvilon_altar_1, erik_lair_island, minivault_16, uniq_erica,
          uniq_fannar
Lair:1:   layout_cave_shapes
Lair:2:   layout_cave_pods, elwin_shoals_entry_stream, dummy_spider_entry
Lair:3:   dreamdust_cave_troll, layout_cave_pods, beast_lair_carwin_2
Lair:4:   layout_roguey, minmay_slime_entry_oklob_enclosed, enter_volcano_2,
          minivault_23, uniq_rupert
Lair:5:   hellmonk_lair_end_abyssal_woods, layout_cave_pods,
          minmay_shattered_shrine, grunt_megastairs_1
Volcano:  volcano_grotto [vgs_hot_hot_hot]

Skill      XL: |  1  2  3  4  5  6  7  8  9 10 11 12 13 |
---------------+----------------------------------------+-----
Ice Magic      | 4 5 6 7 8 |  8.0
Spellcasting   | 3 4 5 |  5.0
Invocations    | 2 5 7 8 9 11 | 11.0
Fighting       | 1 4 6 7 9 10 | 10.0
Armour         | 1 3 5 6 8 9 |  9.0
Polearms       | 2 6 8 10 11 | 11.5
Shields        | 3 5 |  5.3
Dodging        | |  1.7
Stealth        | |  1.7

Action                     |  1- 3 |  4- 6 |  7- 9 | 10-12 | 13-15 || total
---------------------------+-------+-------+-------+-------+-------++-------
  Melee: Unarmed           |     6 |       |       |       |       ||     6
         Dagger            |    38 |   117 |     5 |       |       ||   160
         Headbutt          |       |    13 |    30 |    94 |    14 ||   151
         Punch             |       |     1 |     5 |     2 |       ||     8
         Trident           |       |       |   151 |   489 |    68 ||   708
         Whip              |       |       |    25 |       |       ||    25
  Throw: Dart              |       |       |     6 |     5 |     1 ||    12
   Cast: Freeze            |    38 |    37 |    27 |    29 |     1 ||   132
         Frozen Ramparts   |       |     5 |    22 |    26 |     2 ||    55
         Ozocubu's Armour  |       |     4 |     9 |    22 |     1 ||    36
 Invoke: Line Pass         |       |     3 |     1 |     1 |       ||     5
         Stomp             |       |       |     2 |     2 |     1 ||     5
  Evoke: Wand              |       |       |       |     1 |     2 ||     3
         Phial of floods   |       |       |       |     1 |       ||     1
    Use: Scroll            |       |     3 |     6 |     8 |       ||    17
         Potion            |       |     1 |     3 |       |       ||     4
   Stab: Sleeping          |       |     5 |     2 |     2 |       ||     9
         Paralysed         |       |     5 |    15 |    80 |     6 ||   106
         Confused          |       |     1 |       |     1 |       ||     2
 Armour: Robe              |    46 |    71 |     5 |       |       ||   122
         Skin              |       |     9 |       |       |       ||     9
         Ring mail         |       |       |   215 |   308 |    43 ||   566
  Dodge: Dodged            |    53 |    70 |   115 |   202 |    20 ||   460
  Block: Kite shield       |       |       |       |       |    12 ||    12

Table legend: (Time is in decaauts)
 A = Elapsed time spent in this place.
 B = Non-inter-level travel time spent in this place.
 C = Inter-level travel time spent in this place.
 D = Time resting spent in this place.
 E = Time spent auto-exploring this place.
 F = Levels seen in this place.
 G = Mean time per level.
                   A        B        C        D        E       F      G
               +--------+--------+--------+--------+--------+-----+--------+
         Total |  13890 |  13195 |    695 |   1311 |   8861 |  17 |  817.1 |
       Dungeon |  10042 |   9520 |    522 |   1051 |   6499 |  10 | 1004.2 |
          Lair |   3383 |   3210 |    173 |    198 |   2259 |   5 |  676.6 |
        Bailey |    332 |    332 |      0 |     62 |     89 |   1 |  332.0 |
       Volcano |    132 |    132 |      0 |      0 |     14 |   1 |  132.0 |
               +--------+--------+--------+--------+--------+-----+--------+

Top non-repeatable levels by time:
     D:6: 1549 daAuts
     D:8: 1263 daAuts
  Lair:1: 1202 daAuts
     D:3: 1165 daAuts
     D:5: 1108 daAuts
    D:10: 1056 daAuts
  Lair:2: 983 daAuts
     D:7: 915 daAuts
  Lair:3: 901 daAuts
     D:1: 896 daAuts
     D:4: 851 daAuts
     D:9: 670 daAuts
     D:2: 566 daAuts
  Bailey: 332 daAuts
  Lair:4: 164 daAuts
